 Dungeon Crawl Stone Soup version bcrawl-1.12-8-g964540c432 (webtiles) character file.

Game seed: 4077895155315389137

72905 Morbidden the Slicer (level 15, -2/106 HPs)
             Began as a Dusk Walker Rogue on June 1, 2019.
             Was a High Priest of Okawaru.
             Slain by Jorgrun
             ... wielding a +0 quarterstaff of crushing
              (4 damage)
             ... on level 11 of the Dungeon on June 2, 2019.
             The game lasted 01:07:25 (20652 turns).

Morbidden the Slicer (Dusk Walker Rogue)           Turns: 20652, Time: 01:07:25

Health: -2/106     AC: 26    Str: 17    XL:     15   Next: 2%
Magic:  0/21       EV: 10    Int: 11    God:    Okawaru [*****.]
Gold:   1728       SH: 27    Dex: 22    Spells: 14/14 levels left

rFire    + . .     SeeInvis +   a - +3 rapier (elec)
rCold    . . .     Gourm    .   O - +7 large shield of the Game of Kings {rPois Dex+6 SInv}
rNeg     . . .     Faith    .   G - +1 chain mail "Vuskototh" {*Contam +Fly rF+ Regen+} (curse)
rPois    +         Spirit   +   U - +0 hat {MR+}
rElec    .         Reflect  .   d - +0 cloak
rCorr    .         Harm     .   j - +2 pair of gloves {archery}
MR       ++++.                  k - +0 pair of boots
Stlth    +++++++...             L - amulet of guardian spirit
HPRegen  0.67/turn              E - ring of protection from magic
MPRegen  0.17/turn              X - +5 ring of protection

@: heroism, finesse, grasped by roots, constricted
A: draining touch, unencumbered stealth, fangs 3, nightstalker 2
a: Heroism, Finesse, Renounce Religion, Evoke Flight


You were on level 11 of the Dungeon.
You worshipped Okawaru.
Okawaru was extremely pleased with you.
You were not hungry.

You visited 4 branches of the dungeon, and saw 20 of its levels.
You also visited: Sewer.

You collected 1728 gold pieces.

Inventory:

Hand Weapons
 a - a +3 rapier of electrocution (weapon)
 b - a +5 quick blade
 N - a +6 long sword
Missiles
 v - 111 javelins of penetration
 D - 241 tomahawks (quivered)
 F - 43 exploding tomahawks
 H - 2 throwing nets {!f}
 V - 43 javelins
Armour
 d - a +0 cloak (worn)
 j - a +2 pair of gloves of archery (worn)
 k - a +0 pair of boots (worn)
 u - a +2 chain mail of fire resistance
 G - the cursed +1 chain mail "Vuskototh" (worn) {*Contam +Fly rF+ Regen+}
   (You found it on level 4 of the Lair of Beasts)

   It protects you from fire.
   It lets you fly.
   It causes magical contamination when unequipped.
   It increases your rate of regeneration.
   It has a curse placed upon it.
 O - the +7 large shield of the Game of Kings (worn) {rPois Dex+6 SInv}
   (You found it on level 8 of the Dungeon)

   It affects your dexterity (+6).
   It protects you from poison.
   It lets you see invisible.
 U - a +0 hat of magic resistance (worn)
Jewellery
 n - an uncursed ring of fire
 E - a ring of protection from magic (left hand)
 L - an amulet of guardian spirit (around neck)
 X - a +5 ring of protection (right hand)
 Z - the ring of Gomuinir {Ice rPois MP+9 Str-2 SInv}
   (You found it on level 12 of the Dungeon)

   [ring of ice]

   It enhances your ice magic.
   It affects your strength (-2).
   It makes you vulnerable to fire.
   It protects you from cold.
   It protects you from poison.
   It affects your magic capacity (+9).
   It lets you see invisible.
Wands
 f - a wand of flame (54)
 g - a wand of enslavement (20)
 y - a wand of iceblast (19)
 C - a wand of clouds (6)
 J - a wand of scattershot (2)
 P - a wand of paralysis (6)
Scrolls
 c - 2 scrolls of blinking
 i - 5 scrolls of remove curse
 p - a scroll of magic mapping
 q - 6 scrolls of teleportation
 r - 4 scrolls of amnesia
 s - 3 scrolls of fear
 M - a scroll of enchant armour
 S - 2 scrolls of enchant weapon
 W - a scroll of immolation
 Y - 2 scrolls of identify
Potions
 e - a potion of might
 l - 2 potions of invisibility
 m - 11 potions of curing
 t - 4 potions of mutation
 w - 4 potions of berserk rage
 x - a potion of ambrosia
 z - 2 potions of lignification
 A - 2 potions of magic
 B - 5 potions of flight
 I - 3 potions of haste
 K - 3 potions of brilliance
 Q - 2 potions of resistance
 R - 2 potions of cancellation
 T - 3 potions of heal wounds
Comestibles
 h - 23 rations {!d}
 o - a chunk of flesh


   Skills:
 * Level 11.1(16.1) Fighting
 - Level 12.8(19.0) Short Blades
 + Level 9.0(16.6) Long Blades
 + Level 5.3(10.3) Throwing
 + Level 9.2(14.2) Armour
 + Level 4.8(9.8) Dodging
 + Level 11.8(16.8) Stealth
 + Level 11.3(16.3) Shields
 - Level 8.0 Invocations
 * Level 7.9 Evocations


You had 14 spell levels left.
You didn't know any spells.
Your spell library contained the following spells:

 Spells                   Type           Power        Failure   Level  Hunger
 Animate Skeleton         Necr           N/A          100%        1    ##.....
 Apportation              Tloc           #.....       100%        1    ##.....
 Corona                   Hex            #......      100%        1    ##.....
 Infusion                 Chrm           #.......     100%        1    ##.....
 Magic Dart               Conj           #...         100%        1    ##.....
 Pain                     Necr           #...         100%        1    ##.....
 Sandblast                Erth           #.....       100%        1    ##.....
 Slow                     Hex            #.......     100%        1    ##.....
 Summon Butterflies       Summ           #.......     100%        1    ##.....
 Summon Small Mammal      Summ           #...         100%        1    ##.....
 Blink                    Tloc           N/A          100%        2    ###....
 Call Imp                 Summ           #.......     100%        2    ###....
 Ensorcelled Hibernation  Hex/Ice        #.....       100%        2    ###....
 Call Canine Familiar     Summ           #.......     100%        3    ####...
 Confuse                  Hex            #.......     100%        3    ####...
 Conjure Flame            Conj/Fire      #.......     100%        3    ####...
 Dazzling Spray           Conj/Hex       #.....       100%        3    ####...
 Lesser Beckoning         Tloc           #.........   100%        3    ####...
 Mephitic Cloud           Conj/Pois/Air  #.......     100%        3    ####...
 Regeneration             Chrm/Necr      #.........   100%        3    ####...
 Tukima's Dance           Hex            #.......     100%        3    ####...
 Vampiric Draining        Necr           #.........   100%        3    ####...
 Animate Dead             Necr           N/A          100%        4    #####..
 Cause Fear               Hex            #.........   100%        4    #####..
 Summon Ice Beast         Ice/Summ       #.......     100%        4    #####..
 Yara's Violent Unravell  Hex/Tmut       #.........   100%        4    #####..
 Alistair's Intoxication  Tmut/Pois      #.......     100%        5    ######.
 Bolt of Draining         Conj/Necr      #.........   100%        5    ######.
 Piercing Shot            Chrm           #.........   100%        5    ######.
 Silence                  Hex/Air        #.........   100%        5    ######.
 Summon Lightning Spire   Summ/Air       #.......     100%        5    ######.
 Conjure Ball Lightning   Conj/Air       #.........   100%        6    #######
 Deflect Missiles         Chrm/Air       #.........   100%        6    #######
 Invisibility             Hex            #.......     100%        6    #######
 Discord                  Hex            #.........   100%        8    #######
 Tornado                  Air            #.........   100%        9    #######


Dungeon Overview and Level Annotations

Branches:
Dungeon (12/12)            Temple (1/1) D:5            Lair (6/6) D:8
  Swamp (0/3) Lair:4       Spider (0/3) Lair:3        Slime (0/5) Lair:5
    Orc (1/1) D:11         Vaults (0/3) D:12         Depths (0/5) D:12
    Elf: Orc:1

Altars:
Ashenzari
Cheibriados
Dithmenos
Elyvilon
Fedhas
Gozag
Hepliaklqana
Kikubaaqudgha
Lugonu
Makhleb
Nemelex Xobeh
Okawaru
Qazlal
Ru
Sif Muna
Trog
Uskayaw
Vehumet
Wu Jian
Xom
Yredelemnul
Zin
The Shining One
Jiyva

Shops:
D:7 *   D:11 =

Portals:
Hell: Lair:6
Trove: D:10 (give +8 demon blade)

Annotations:
D:11 Jorgrun


Innate Abilities, Weirdness & Mutations

Your attacks drain your enemies.
You move stealthily even while encumbered by armour.
You have razor-sharp teeth.
You are significantly more attuned to the shadows.


Message History

You kill the gnoll!
You hit Jorgrun.
Jorgrun is moderately wounded.
You block Jorgrun's attack. The grasping roots constrict you.
Unknown command.
Unknown command.
Your shield and chain mail "Vuskototh" prevent you from hitting Jorgrun.
Jorgrun is moderately wounded.
Unknown command.
You puncture Jorgrun!
Jorgrun is moderately wounded.
You closely miss Jorgrun.
Jorgrun is moderately wounded.
Unknown command.
You hit Jorgrun. Lightning courses through Jorgrun!
Jorgrun is heavily wounded.
Jorgrun casts a spell at you. The iron shot hits you!
* * * LOW HITPOINT WARNING * * *
You die...

####.'...#............#....#...
#..[.#...#...#'####...#....#...
#....#...#...'....#...#....#...
#....#####...#....#...#'####...
###.........)..................).
#.........)......................
#..........)...............).....
#........................<......#
#..............g@...............#
#####..........†.)............###
#.........................#
#.........................#
#.........................#
#.....######.#............#
#.........................#
#####.............#######'##..###
..................#........#.....


You could see Jorgrun.

Vanquished Creatures
  Rupert (Lair:5)
  Agnes (D:12)
  The ghost of BraveToast the Basher, a journeyman FoFi of Qazlal (D:12)
  A fire dragon (D:12)
  A yaktaur captain (D:12)
  4 hydras
  5 vault guards (D:12)
  2 centaur warriors (D:12)
  An anaconda (Lair:6)
  4 two-headed ogres
  2 catoblepae
  12 death yaks
  Sonja (Lair:4)
  A sixfirhy (Lair:6)
  An unseen horror (D:11)
  2 wizards
  2 cyclopes (D:12)
  An orc knight (D:12)
  4 ugly things
  2 moths of wrath (D:12)
  A deep elf mage (D:9)
  A manticore (D:11)
  An elephant (Lair:6)
  2 black mambas
  7 cane toads
  A gargoyle (D:10)
  2 torpor snails
  8 rime drakes
  2 yaktaurs (D:12)
  A kobold demonologist (D:8)
  12 komodo dragons
  4 ice devils (Lair:6)
  A hellwing (Lair:6)
  5 trolls
  A tengu conjurer (D:12)
  2 red devils (Lair:6)
  A troll (shapeshifter) (D:11)
  A hornet (D:9)
  4 blink frogs (Lair:6)
  10 slime creatures
  10 hippogriffs
  A meliai zombie (D:12)
  13 dream sheep
  A redback (D:12)
  3 shadows
  A vampire (D:10)
  2 wyverns
  32 yaks
  4 basilisks
  A human (D:12)
  4 vampire mosquitoes (D:12)
  Edmund (D:5)
  2 soldier ants
  9 water moccasins
  2 sky beasts
  3 hell hounds (Lair:6)
  7 porcupines
  10 orc warriors
  A hornet zombie (D:10)
  2 black bears
  2 ice beasts (D:7)
  A necrophage (D:8)
  3 phantoms
  9 centaurs
  2 wolves (Lair:6)
  4 ogres
  15 crocodiles
  A big kobold (D:12)
  13 bullfrogs
  2 gnoll sergeants
  2 wyvern skeletons
  A scorpion (D:12)
  A hornet simulacrum (D:9)
  58 killer bees
  9 howler monkeys
  2 electric eels (Lair:4)
  8 wights
  9 crimson imps
  2 bullfrog zombies
  2 jellies
  2 quasits
  2 hounds
  9 orc priests
  A bullfrog skeleton (D:8)
  16 orc wizards
  2 centaur skeletons
  7 worker ants
  Ijyb (D:4)
  7 hell rats (Lair:5)
  2 iguanas
  Terence (D:3)
  A hound zombie (D:6)
  A worker ant zombie (D:10)
  A howler monkey zombie (D:9)
  16 gnolls
  13 adders
  7 shadow imps
  7 oozes
  4 worms
  13 leopard geckos
  66 orcs
  3 bats
  20 giant cockroaches
  5 goblins
  13 hobgoblins
  9 jackals
  6 quokkas
  16 ball pythons (Sewer)
  10 frilled lizards
  10 kobolds
  7 rats
649 creatures vanquished.

Vanquished Creatures (others)
  7 plants
7 creatures vanquished.

Grand Total: 656 creatures vanquished

Notes
Turn   | Place    | Note
-------+----------+-------------------------------------------
     0 | D:1      | Morbidden the Dusk Walker Rogue began the quest for the
                  | Orb.
     0 | D:1      | Reached XP level 1. HP: 11/11 MP: 2/2
    94 | D:1      | Reached XP level 2. HP: 17/17 MP: 3/3
   844 | D:2      | Found a hide-covered altar of Uskayaw.
   852 | D:2      | Found a basalt altar of Yredelemnul.
   857 | D:2      | Found a blossoming altar of Fedhas.
   857 | D:2      | Found an ancient bone altar of Kikubaaqudgha.
  1011 | D:2      | Reached XP level 3. HP: 13/21 MP: 4/4
  1253 | D:2      | Found a sparkling altar of Nemelex Xobeh.
  1269 | D:2      | Reached skill level 3 in Short Blades
  1660 | D:3      | Noticed Terence
  1754 | D:3      | Killed Terence
  1754 | D:3      | Reached skill level 1 in Fighting
  1754 | D:3      | Gained mutation: You are slightly more attuned to the
                  | shadows. [Dusk Walker growth]
  1754 | D:3      | Reached XP level 4. HP: 8/28 MP: 5/5
  2078 | D:3      | Reached skill level 1 in Dodging
  2424 | D:3      | Upgraded the game from bcrawl-1.12-5-g74a5124548 to
                  | bcrawl-1.12-8-g964540c432
  2540 | D:3      | Reached skill level 1 in Armour
  2540 | D:3      | Reached XP level 5. HP: 19/34 MP: 6/6
  2854 | D:3      | Reached skill level 4 in Short Blades
  2855 | D:3      | Reached XP level 6. HP: 39/39 MP: 7/7
  3390 | D:4      | Noticed a hippogriff
  3402 | D:4      | Killed a hippogriff
  3402 | D:4      | Reached skill level 5 in Short Blades
  3402 | D:4      | Reached XP level 7. HP: 28/46 MP: 8/8
  3416 | D:4      | Reached skill level 6 in Short Blades
  3501 | D:4      | Noticed Ijyb
  4054 | D:4      | Killed Ijyb
  4207 | D:5      | Entered Level 5 of the Dungeon
  4287 | D:5      | Gained mutation: You have razor-sharp teeth. [Dusk Walker
                  | growth]
  4287 | D:5      | Reached XP level 8. HP: 28/54 MP: 9/9
  4341 | D:5      | Found a glowing drain.
  4367 | Sewer    | Entered a sewer
  4943 | D:5      | Reached skill level 7 in Short Blades
  5143 | D:5      | Found a staircase to the Ecumenical Temple.
  5251 | Temple   | Entered the Ecumenical Temple
  5300 | D:5      | Noticed Edmund
  5323 | D:5      | Killed Edmund
  5323 | D:5      | Reached skill level 5 in Fighting
  5482 | Temple   | Became a worshipper of Warmaster Okawaru
  6120 | D:6      | Reached skill level 8 in Short Blades
  6120 | D:6      | Reached skill level 1 in Invocations
  6120 | D:6      | Reached XP level 9. HP: 61/61 MP: 10/10
  6184 | D:6      | Reached skill level 5 in Armour
  6233 | D:6      | Reached * piety under Okawaru
  6776 | D:6      | Reached skill level 1 in Long Blades
  6780 | D:6      | Found a snail-covered altar of Cheibriados.
  6814 | D:7      | Found Itirachagye's Assorted Antiques.
  6825 | D:7      | Reached ** piety under Okawaru
  7435 | D:7      | Found a corrupted altar of Lugonu.
  7558 | D:7      | Reached skill level 9 in Short Blades
  7576 | D:7      | Reached XP level 10. HP: 65/69 MP: 12/12
  7864 | D:8      | Reached *** piety under Okawaru
  8151 | D:8      | Found a staircase to the Lair.
  8212 | D:8      | Noticed a rust devil
  8320 | D:8      | Reached skill level 5 in Long Blades
  8420 | D:8      | Got a faintly humming large shield
  8487 | D:8      | Identified the +7 large shield of the Game of Kings {rPois
                  | Dex+6 SInv} (You found it on level 8 of the Dungeon)
  8725 | D:8      | Reached skill level 1 in Shields
  8824 | D:9      | Noticed a two-headed ogre
  8835 | D:9      | Killed a two-headed ogre
  8835 | D:9      | Reached **** piety under Okawaru
  8876 | D:9      | Received a gift from Okawaru
  8959 | D:9      | Noticed a red ugly thing
  8967 | D:9      | Reached skill level 10 in Stealth
  8979 | D:9      | Killed a red ugly thing
  8996 | D:9      | Reached XP level 11. HP: 26/76 MP: 3/14
  9149 | D:9      | Noticed a deep elf mage
  9167 | D:9      | Killed a deep elf mage
  9185 | D:9      | Reached ***** piety under Okawaru
  9692 | D:10     | Entered Level 10 of the Dungeon
  9850 | D:10     | Noticed a four-headed hydra
  9917 | D:10     | Received a gift from Okawaru
 10390 | D:10     | Found a portal to a secret trove of treasure.
 10507 | D:10     | Reached skill level 5 in Invocations
 10531 | D:10     | Reached skill level 5 in Shields
 10643 | D:10     | Noticed a green ugly thing
 10653 | D:10     | Killed a green ugly thing
 10682 | D:10     | Found a white marble altar of Elyvilon.
 10771 | D:10     | Noticed a white ugly thing
 10781 | D:10     | Killed a white ugly thing
 10972 | D:11     | Found Puschixe's Jewellery Shop.
 10972 | D:11     | Noticed an unseen horror
 10977 | D:11     | Killed an unseen horror
 11612 | D:11     | Found a staircase to the Orcish Mines.
 11624 | D:11     | Noticed a two-headed ogre
 11632 | D:11     | Killed a two-headed ogre
 11632 | D:11     | Received a gift from Okawaru
 11632 | D:11     | Gained mutation: You are significantly more attuned to the
                  | shadows. [Dusk Walker growth]
 11632 | D:11     | Reached XP level 12. HP: 83/84 MP: 16/16
 11637 | D:11     | Got a warped dagger {god gift}
 11644 | D:11     | Identified the +1 dagger "Piunavil" {antimagic, rPois}
                  | (Okawaru gifted it to you on level 11 of the Dungeon)
 11989 | D:12     | Entered Level 12 of the Dungeon
 11989 | D:12     | Noticed a centaur warrior
 12001 | D:12     | Killed a centaur warrior
 12131 | D:12     | Noticed a two-headed ogre
 12137 | D:12     | Noticed a two-headed ogre
 12139 | D:12     | Killed a two-headed ogre
 12151 | D:12     | Reached ****** piety under Okawaru
 12168 | D:12     | Killed a two-headed ogre
 12337 | D:12     | Found a transporter.
 12349 | D:12     | Noticed a catoblepas
 12419 | D:12     | Got a creamy pearl robe
 12430 | D:12     | Identified the +1 robe "Hatugiho" {+Blink Stlth+} (You
                  | found it on level 12 of the Dungeon)
 12643 | D:12     | Received a gift from Okawaru
 12713 | D:12     | Reached skill level 5 in Evocations
 12855 | D:12     | Noticed a vault guard
 12879 | D:12     | Noticed BraveToast's ghost (journeyman FoFi)
 12882 | D:12     | Noticed a fire dragon
 12973 | D:12     | Noticed Agnes
 13007 | D:12     | Killed Agnes
 13077 | D:12     | Noticed a vault guard
 13218 | D:12     | Found a transporter.
 13235 | D:12     | Killed a fire dragon
 13254 | D:12     | Killed BraveToast's ghost
 13273 | D:12     | Killed a catoblepas
 13273 | D:12     | Reached XP level 13. HP: 52/90 MP: 8/17
 13275 | D:12     | Got a scintillating platinum ring
 13290 | D:12     | Identified the ring of Gomuinir {Ice rPois MP+9 Str-2 SInv}
                  | (You found it on level 12 of the Dungeon)
 13432 | D:12     | Found a deep blue altar of Sif Muna.
 13496 | D:12     | Found a staircase to the Depths.
 13849 | Lair:1   | Entered Level 1 of the Lair of Beasts
 13936 | Lair:1   | Received a gift from Okawaru
 14232 | Lair:1   | Reached skill level 10 in Short Blades
 14465 | Lair:1   | Identified a scroll of acquirement
 14544 | Lair:1   | Reached skill level 5 in Throwing
 16034 | Lair:3   | Received a gift from Okawaru
 16114 | Lair:3   | Reached skill level 10 in Shields
 16219 | Lair:3   | Found a hole to the Spider Nest.
 16667 | Lair:4   | Got a smoking chain mail
 16680 | Lair:4   | Identified the cursed +1 chain mail "Vuskototh" {*Contam
                  | +Fly rF+ Regen+} (You found it on level 4 of the Lair of
                  | Beasts)
 16893 | Lair:4   | Noticed Sonja
 16903 | Lair:4   | Killed Sonja
 16968 | Lair:4   | Found a staircase to the Swamp.
 17706 | Lair:5   | Reached skill level 11 in Short Blades
 17724 | Lair:5   | Found a staircase to the Slime Pits.
 17724 | Lair:5   | Found a viscous altar of Jiyva.
 18100 | Lair:5   | Noticed Rupert
 18137 | Lair:5   | Killed Rupert
 18137 | Lair:5   | Received a gift from Okawaru
 18137 | Lair:5   | Reached XP level 14. HP: 92/98 MP: 16/19
 18153 | Lair:5   | Reached skill level 10 in Fighting
 18318 | Lair:6   | Entered Level 6 of the Lair of Beasts
 18359 | Lair:6   | Received a gift from Okawaru
 18556 | Lair:6   | Reached skill level 12 in Short Blades
 18575 | Lair:6   | Received a gift from Okawaru
 19072 | Lair:6   | Received a gift from Okawaru
 19587 | Lair:6   | Found a burning altar of Makhleb.
 19730 | Lair:6   | Found a gateway to Hell.
 19741 | Lair:6   | Identified the cursed +0 leather armour of Mezcal {+Blink}
                  | (You found it on level 6 of the Lair of Beasts)
 20460 | D:12     | Found a gate to the Vaults.
 20489 | D:12     | Reached XP level 15. HP: 105/106 MP: 19/21
 20624 | Orc      | Entered the Orcish Mines
 20624 | Orc      | Noticed Jorgrun
 20652 | D:11     | HP: 2/106 [Jorgrun/iron shot (44)]
 20652 | D:11     | Slain by Jorgrun

Skill      XL: |  1  2  3  4  5  6  7  8  9 10 11 12 13 14 |
---------------+-------------------------------------------+-----
Stealth        | 7 8 9 10 11 | 11.8
Short Blades   | 3 4 5 6 8 9 11 12 | 12.8
Throwing       | 2 3 4 5 |  5.3
Fighting       | 1 2 3 5 6 7 8 9 11 | 11.1
Dodging        | 1 2 3 4 |  4.8
Armour         | 1 2 3 4 5 6 7 8 9 |  9.2
Invocations    | 1 3 4 5 6 7 8 |  8.0
Long Blades    | 2 6 7 8 9 |  9.0
Shields        | 2 6 8 10 11 | 11.3
Evocations     | 4 5 6 7 |  7.9

Action                   |  1- 3 |  4- 6 |  7- 9 | 10-12 | 13-15 || total
-------------------------+-------+-------+-------+-------+-------++-------
Melee: Dagger            |   123 |   140 |   814 |     6 |       ||  1083
       Bite              |     5 |    13 |   112 |   111 |   186 ||   427
       Scimitar          |       |       |    11 |       |       ||    11
       Long sword        |       |       |   140 |   371 |       ||   511
       Rapier            |       |       |       |   418 |  1044 ||  1462
       Quick blade       |       |       |       |       |   102 ||   102
 Fire: Blowgun           |    37 |    34 |    19 |     7 |       ||    97
Throw: Tomahawk          |       |    11 |    54 |    40 |    62 ||   167
Invok: Heroism           |       |       |     1 |     7 |     8 ||    16
       Finesse           |       |       |       |     3 |     7 ||    10
 Abil: Evoke Berserk Rag |       |     1 |       |       |       ||     1
Evoke: Wand              |       |       |       |       |     4 ||     4
  Use: Potion            |       |     5 |       |     5 |       ||    10
       Scroll            |       |     2 |     9 |    12 |     9 ||    32
 Stab: Sleeping          |    11 |     1 |    16 |    14 |    21 ||    63
       Distracted        |       |       |       |     2 |       ||     2
       Invisible         |       |       |       |     9 |       ||     9
       Paralysed         |       |       |       |       |     1 ||     1
  Eat: Chunk             |     2 |     3 |    15 |    19 |    18 ||    57
       Ration            |       |     1 |       |       |     2 ||     3
Armor: Robe              |    13 |       |       |       |       ||    13
       Ring mail         |    17 |    29 |       |       |       ||    46
       Chain mail        |       |    27 |   469 |   206 |   140 ||   842
       Skin              |       |       |     3 |    42 |       ||    45
       Plate armour      |       |       |       |     5 |   119 ||   124
Dodge: Dodged            |    63 |    68 |   236 |    85 |   111 ||   563
Block: Other             |       |       |     4 |    14 |       ||    18
       Large shield      |       |       |       |   493 |   926 ||  1419
